 Dungeon Crawl Stone Soup version 0.29.1-1-gd02db6906a (webtiles) character file.

Game seed: 5429116527025037971

3225 boopmooplesden the Cleaver (level 9, -8/79 HPs)
             Began as a Minotaur Fighter on Oct 7, 2022.
             Mangled by a komodo dragon (18 damage)
             ... on level 7 of the Dungeon.
             The game lasted 00:08:42 (7462 turns).

boopmooplesden the Cleaver (Minotaur Fighter)       Turns: 7462, Time: 00:08:43

Health: -8/79      AC: 16    Str: 27    XL:     9   Next: 66%
Magic:  8/8        EV:  8    Int:  5    God:
Gold:   442        SH:  6    Dex: 18    Spells: 8/8 levels left

rFire   . . .      SeeInvis .   j - +6 hand axe of Due Proportion {vamp, Dex+4 Stlth+}
rCold   . . .      Faith    .   c - +0 buckler
rNeg    . . .      Spirit   .   o - +0 plate armour
rPois   .          Reflect  .   n - +1 hat
rElec   .          Harm     .   t - +0 cloak
rCorr   .          Rampage  .   (no gloves)
Will    .....                   (no boots)
Stlth   ..........              (no amulet)
HPRegen 0.23/turn               e - +6 ring of strength
MPRegen 0.11/turn               (no ring)

@: about to teleport
A: horns 2, retaliatory headbutt
a: no special abilities


You were on level 7 of the Dungeon.
You visited 1 branch of the dungeon, and saw 7 of its levels.

You collected 442 gold pieces.

Inventory:

Hand Weapons
 a - a +4 war axe
 j - the +6 hand axe of Due Proportion (weapon) {vamp, Dex+4 Stlth+}
   (You took it off an orc on level 5 of the Dungeon)

   It occasionally heals its wielder for a portion of the damage dealt when it
   wounds a living foe.
   Dex:       It affects your dexterity (+4).
   Stlth:     It makes you more stealthy.
Missiles
 z - 2 javelins (quivered)
Armour
 b - a +0 scale mail
 c - a +0 buckler (worn)
 n - a +1 hat (worn)
 o - a +0 plate armour (worn)
 t - a +0 cloak (worn)
Jewellery
 d - a ring of fire
 e - a +6 ring of strength (left hand)
 l - a +6 ring of dexterity
 s - the ring of Spring {rN+ Dex+6 Slay-3 Stlth+}
   (You found it on level 2 of the Dungeon)

   [ring of dexterity]

   Dex:       It affects your dexterity (+6).
   Slay:      It affects your accuracy & damage with ranged weapons and melee
   (-3).
   rN:        It protects you from negative energy.
   Stlth:     It makes you more stealthy.
 w - a ring of wizardry
 A - a +6 ring of strength
 D - a ring of fire
 E - a ring of magical power
 F - an amulet of the acrobat
Scrolls
 g - 2 scrolls of identify
 i - 2 scrolls of fear
 m - a scroll of teleportation
 q - a scroll of butterflies
 r - a scroll of immolation
 v - a scroll of blinking
 x - a scroll of noise {unknown}
 y - 2 scrolls of poison
 C - a scroll of enchant armour {unknown}
Potions
 f - 3 potions of degeneration
 h - 3 potions of brilliance
 k - 4 potions of curing
 p - 4 potions of mutation
 u - a potion of attraction
 B - a potion of resistance
 G - a potion of haste


   Skills:
 + Level 7.3 Fighting
 + Level 10.9 Axes
 + Level 9.2 Armour
 + Level 1.5 Dodging
 + Level 1.8 Stealth
 + Level 6.6 Shields


You had 8 spell levels left.
You didn't know any spells.
Your spell library contained the following spells:

 Spells                   Type           Power      Damage    Failure   Level
 Freeze                   Ice            0%         1d3       99%         1
 Magic Dart               Conj           0%         1d3       99%         1
 Call Imp                 Summ           0%         N/A       100%        2
 Ensorcelled Hibernation  Hex/Ice        0%         N/A       100%        2
 Passwall                 Tmut/Erth      0%         N/A       100%        2
 Frozen Ramparts          Ice            0%         1d1       100%        3
 Gell's Gravitas          Tloc           0%         N/A       100%        3
 Mephitic Cloud           Conj/Pois/Air  0%         N/A       100%        3
 Portal Projectile        Hex/Tloc       0%         N/A       100%        3
 Swiftness                Air            0%         N/A       100%        3
 Teleport Other           Tloc           0%         N/A       100%        3
 Tukima's Dance           Hex            0%         N/A       100%        3
 Hailstorm                Conj/Ice       0%         3d3       100%        4
 Blade Hands              Tmut           0%         N/A       100%        5
 Irradiate                Conj/Tmut      0%         3d11      100%        5
 Silence                  Hex/Air        0%         N/A       100%        5
 Dispersal                Tloc           0%         N/A       100%        6
 Dragon Form              Tmut           0%         N/A       100%        7
 Chain Lightning          Conj/Air       0%         N/A       100%        9


Dungeon Overview and Level Annotations

Branches:
Dungeon (7/15)             Temple (0/1) D:4

Altars:
Cheibriados
Gozag
Sif Muna
Uskayaw
Vehumet
Xom

Shops:
D:4 (   D:5 (


Innate Abilities, Weirdness & Mutations

You have a pair of horns on your head.
You reflexively headbutt those who attack you in melee.


Message History

A frilled lizard comes into view.
You block the frilled lizard's attack. You block the frilled lizard's attack.
The frilled lizard attacks as you move away!
The frilled lizard bites you but does no damage.
A komodo dragon comes into view.
You see here 15 gold pieces.
The frilled lizard attacks as you move away!
The frilled lizard barely misses you.
The frilled lizard attacks as you move away!
The frilled lizard barely misses you. You furiously retaliate!
You headbutt the frilled lizard.
You kill the frilled lizard!
You hit the komodo dragon.
You headbutt the komodo dragon, but do no damage.
The komodo dragon is lightly wounded.
The komodo dragon bites you!! The komodo dragon bites you!!
The komodo dragon bites you!
* * * LOW HITPOINT WARNING * * *
A hound comes into view.
The hound barks!
The komodo dragon bites you!!
* * * LOW HITPOINT WARNING * * *
The komodo dragon attacks as you move away!
The komodo dragon closely misses you. You furiously retaliate!
You headbutt the komodo dragon, but do no damage.
The hound bites you but does no damage.
You completely miss the hound. You headbutt the hound.
The hound is lightly wounded.
You hit the komodo dragon.
You feel better. The komodo dragon barely misses you.
The hound bites you but does no damage.
You hit the hound.
You feel better.
You headbutt the hound!
You kill the hound!
You hit the komodo dragon.
You feel better. You block the komodo dragon's attack.
You see here a hound corpse.
As you read the scroll of teleportation, it crumbles to dust.
You feel strangely unstable. The komodo dragon bites you!!
You die...

.....#.#.#.#........# #.## #...
......###..#........# #..### #...
..<...(#............####...# #...
...........$†........# #...###...
.......#########.##...P###..#....
....#### #.# ..... #..#.... ....#
#.# .#l.. #....... #.### ##l#


PP. #....... #. #.@# #....#.# ## #.## #......# #. #.>.##... #. #...##... ..
.......... .. .....#.... ##. ......... #. ......<.. ....$.... You could see a
komodo dragon.

Vanquished Creatures
  A hornet (D:7)
  Prince Ribbit (D:5)
  Menkaure (D:5)
  The ghost of quakins the Chiller, an amateur MfIE (D:5)
  2 water moccasins
  An ice beast (D:6)
  3 black bears
  4 ogres
  3 phantoms
  A centaur (D:5)
  3 scorpions
  A wight (D:5)
  4 orc priests (D:5)
  A jelly (D:6)
  8 hounds
  Jessica (D:3)
  12 iguanas
  4 orc wizards
  A mummy (D:3)
  7 adders
  6 gnolls
  2 river rats (D:3)
  5 white imps
  2 ufetubi (D:4)
  2 worms (D:2)
  4 dart slugs
  23 orcs
  5 bats
  8 endoplasms
  5 giant cockroaches
  7 goblins
  4 hobgoblins
  6 jackals
  A quokka (D:2)
  9 ball pythons
  8 frilled lizards
  4 kobolds
  4 rats
165 creatures vanquished.

Vanquished Creatures (others)
  3 demonic plants (D:4)
  7 plants (D:7)
10 creatures vanquished.

Grand Total: 175 creatures vanquished

Notes
Turn   | Place    | Note
-------+----------+-------------------------------------------
     0 | D:1      | boopmooplesden the Minotaur Fighter began the quest for the
                  | Orb.
     0 | D:1      | Reached XP level 1. HP: 19/19 MP: 0/0
   153 | D:1      | Reached XP level 2. HP: 27/27 MP: 1/1
   664 | D:2      | Reached XP level 3. HP: 33/33 MP: 2/2
   736 | D:2      | Found a faded altar of an unknown god.
   786 | D:2      | Reached skill level 3 in Axes
   852 | D:2      | Identified the ring of Spring {rN+ Dex+6 Slay-3 Stlth+}
   938 | D:2      | Reached skill level 1 in Dodging
  1408 | D:3      | Found a hide-covered altar of Uskayaw.
  1418 | D:3      | Reached XP level 4. HP: 40/40 MP: 3/3
  1491 | D:3      | Found an opulent altar of Gozag.
  1669 | D:3      | Noticed Jessica
  1678 | D:3      | Killed Jessica
  1681 | D:3      | Found a shimmering blue altar of Sif Muna.
  1760 | D:3      | Found a snail-covered altar of Cheibriados.
  1766 | D:3      | Reached skill level 4 in Axes
  1766 | D:3      | Reached XP level 5. HP: 43/47 MP: 4/4
  2026 | D:3      | Found a radiant altar of Vehumet.
  2521 | D:4      | Found Bafricod's Antique Weapon Shoppe.
  2643 | D:4      | Noticed a phantom
  2658 | D:4      | Killed a phantom
  2659 | D:4      | Reached skill level 5 in Axes
  2659 | D:4      | Reached XP level 6. HP: 40/55 MP: 5/5
  2863 | D:4      | Found a staircase to the Ecumenical Temple.
  2886 | D:4      | Reached skill level 5 in Fighting
  2990 | D:4      | Reached skill level 6 in Axes
  2990 | D:4      | Reached skill level 5 in Armour
  2990 | D:4      | Reached skill level 5 in Shields
  3132 | D:4      | Got the Tome of Feathers
  3161 | D:4      | Reached XP level 7. HP: 55/61 MP: 6/6
  3813 | D:4      | Reached skill level 1 in Stealth
  3984 | D:5      | Entered Level 5 of the Dungeon
  4038 | D:5      | Reached skill level 7 in Axes
  4142 | D:5      | Found Qaokhlot's Weapon Boutique.
  4233 | D:5      | Noticed Prince Ribbit
  4253 | D:5      | Killed Prince Ribbit
  4254 | D:5      | Reached skill level 8 in Axes
  4254 | D:5      | Reached XP level 8. HP: 19/69 MP: 7/7
  4793 | D:5      | Noticed Menkaure
  4811 | D:5      | Killed Menkaure
  4814 | D:5      | Reached skill level 9 in Axes
  5044 | D:5      | Found a runed translucent gate.
  5044 | D:5      | Identified the +6 hand axe of Due Proportion {vamp, Dex+4
                  | Stlth+}
  5045 | D:5      | Found a runed translucent gate.
  5045 | D:5      | Noticed quakins's ghost (amateur MfIE)
  5046 | D:5      | Found a runed translucent gate.
  5137 | D:5      | Reached XP level 9. HP: 26/75 MP: 8/8
  5821 | D:5      | Killed quakins's ghost
  5822 | D:5      | Reached skill level 10 in Axes
  6357 | D:6      | Found a shimmering altar of Xom.
  7448 | D:7      | Noticed a komodo dragon
  7455 | D:7      | HP: 1/79 [komodo dragon (22)]
  7462 | D:7      | Mangled by a komodo dragon

Illustrated notes

Levels and vault maps discovered:
D:1:      lightli_arrival_farm, layout_rooms, minmay_misc_feat_alley,
          minmay_misc_feat_tower, hangedman_decor_clover_reticule,
          dk_noncrumbling_2
D:2:      layout_rooms, nicolae_ecumenical_oubliette, minmay_tall_x
D:3:      layout_basic, tgw_sif, nicolae_uskayaw_dance_hall, slow_altar_2,
          mainiacjoe_overflow_alcove_4, old_standard_altar,
          gup_sewer_entry_bubbles
D:4:      layout_gridville, minmay_temple_entry_slanted, serial_demonic,
          serial_demonic_f, serial_demonic_e, serial_demonic_a,
          serial_demonic_f, serial_demonic_e, serial_shops,
          nicolae_shop_hallway_stairs
D:5:      layout_basic, serial_shops, kennysheep_mini,
          biasface_ghost_orc_armoury, minmay_fractal_squares_5, uniq_menkaure,
          uniq_prince_ribbit1
D:6:      layout_basic, xom_butterflies
D:7:      layout_rooms, nemelex_altar_shiori, mainiacjoe_overflow_alcove_1,
          mainiacjoe_overflow_catwalk, serial_shops,
          nicolae_shop_advertising_works [nicolae_subvault_shop_adworks],
          nicolae_ossuary_entry_ruins, chequers_serial_rivers_marsh,
          minmay_misc_feat_cross, kb_lookout_dungeons_type, minmay_lizard_king,
          uniq_joseph

Skill      XL: |  1  2  3  4  5  6  7  8  9 |
---------------+----------------------------+-----
Shields        | 4 5 6 |  6.6
Fighting       | 4 5 7 |  7.3
Axes           | 3 4 5 6 8 9 10 | 10.9
Dodging        | 1 |  1.5
Armour         | 4 5 6 8 9 |  9.2
Stealth        | 1 |  1.8

Action                   |  1- 3 |  4- 6 |  7- 9 || total
-------------------------+-------+-------+-------++-------
Melee: War axe           |    66 |   121 |   158 ||   345
       Headbutt          |     8 |    12 |    45 ||    65
       Hand axe          |       |       |    77 ||    77
  Use: Scroll            |       |       |    18 ||    18
       Potion            |       |       |     4 ||     4
Armor: Scale mail        |    39 |     8 |       ||    47
       Plate armour      |       |    76 |   136 ||   212
Dodge: Dodged            |    45 |    67 |    70 ||   182
Block: Buckler           |    27 |    36 |    65 ||   128
